 Dungeon Crawl Stone Soup version 0.30.1-11-g7821555f0a (webtiles) character file.

Game seed: 13553330225734494800

142309 Djon the Severer (level 16, -8/151 HPs)
             Began as a Minotaur Berserker on Jan 10, 2024.
             Was the Champion of Trog.
             Mangled by a bunyip (24 damage)
             ... on level 1 of the Swamp.
             The game lasted 00:39:16 (24431 turns).

Djon the Severer (Minotaur Berserker)              Turns: 24431, Time: 00:39:16

Health: -8/151     AC: 12    Str: 23    XL:     16   Next: 80%
Magic:  15/15      EV: 18    Int:  7    God:    Trog [******]
Gold:   2981       SH: 13    Dex: 22    Spells: 15/15 levels left

rFire   + . .        V - +7 demon trident (flame)
rCold   . . .        L - +0 kite shield
rNeg    . . .        D - +0 storm dragon scales
rPois   .            (helmet restricted)
rElec   +            a - +0 cloak
rCorr   .            (no gloves)
SInv    +            A - +0 pair of boots
Will    +....        (no amulet) Stlth
                     R - ring of see invisible
HPRegen 0.45/turn    E - ring "Diotob" {rF+ Int+3 Dex+5}
MPRegen 0.14/turn

%: no passive effects
@: corroded, on berserk cooldown, slowed, studying 2 skills, very slow
A: horns 2, retaliatory headbutt
a: Renounce Religion, Berserk, Trog's Hand, Brothers in Arms


You were on level 1 of the Swamp.
You worshipped Trog.
Trog was exalted by your worship.
You visited 4 branches of the dungeon, and saw 23 of its levels.
You visited the Abyss 1 time.
You also visited: Gauntlet.

You collected 4130 gold pieces.
You spent 1149 gold pieces at shops.

Inventory:

Hand Weapons
 l - a +0 spear
 x - the +5 Lochaber axe {reach-cleave, Poleaxe Drain}
   (You bought it in a shop on level 2 of the Orcish Mines)

   Poleaxe:   It uses either Axes or Polearms skill, whichever is higher.
   Drain:     It drains your maximum health when unequipped.
 y - a +0 hand axe of flaming
 B - a +5 bardiche
 K - a +2 battleaxe of freezing
 V - a +7 demon trident of flaming (weapon)
Armour
 a - a +0 cloak (worn)
 A - a +0 pair of boots (worn)
 D - +0 storm dragon scales (worn)
 L - a +0 kite shield (worn)
Jewellery
 p - a ring of protection from fire
 E - the ring "Diotob" (right hand) {rF+ Int+3 Dex+5}
   (You found it on level 8 of the Dungeon)

   [ring of protection from fire]

   Int:       It affects your intelligence (+3).
   Dex:       It affects your dexterity (+5).
   rF:        It protects you from fire.
 O - a +6 ring of strength
 R - a ring of see invisible (left hand)
Wands
 t - a wand of mindburst (15)
Scrolls
 c - 2 scrolls of torment
 d - 4 scrolls of enchant armour
 f - 3 scrolls of fog
 g - a scroll of identify
 h - 14 scrolls of teleportation
 m - a scroll of magic mapping
 q - 4 scrolls of blinking
 s - 6 scrolls of vulnerability
 w - 12 scrolls of fear
 F - a scroll of immolation
 I - 3 scrolls of poison
 P - 2 scrolls of butterflies
Potions
 b - 6 potions of heal wounds
 e - 2 potions of ambrosia
 i - 4 potions of resistance
 j - 3 potions of might
 k - 5 potions of mutation
 n - 4 potions of curing
 o - 2 potions of magic
 r - 5 potions of haste
 u - 3 potions of berserk rage
 v - 3 potions of invisibility
 M - 3 potions of flight
Miscellaneous
 T - a lightning rod (4/4)


   Skills:
 - Level 16.0 Fighting
 - Level 17.6(19.5) Axes
 * Level 14.5(18.0) Polearms
 - Level 15.8 Armour
 - Level 15.4 Dodging
 - Level 9.2 Shields


You had 15 spell levels left.
You didn't know any spells.
Your spell library was empty.

Dungeon Overview and Level Annotations

Branches:
Dungeon (15/15)            Temple (0/1) D:7            Lair (5/5) D:9
  Swamp (1/4) Lair:2        Snake (0/4) Lair:3        Slime (0/5) Lair:5
    Orc (2/2) D:9             Elf (0/3) Orc:2        Vaults (0/5) D:13
 Depths (0/4) D:15        Gauntlet (visited)

Altars:
Ashenzari
Cheibriados
Dithmenos
Fedhas
Gozag
Hepliaklqana
Kikubaaqudgha
Okawaru
Qazlal
Ru
Sif Muna
Trog
Xom
Yredelemnul

Shops:
Orc:2 (*(?*


Innate Abilities, Weirdness & Mutations

You have a pair of horns on your head.
You reflexively headbutt those who attack you in melee.


Message History

Reach: V) +7 demon trident (flame)
Press: ? - help, Dir - move target, f/p - goliath frog
Aim: a goliath frog (about 33% to evade your +7 demon trident of flaming)
You reach to attack!
You barely miss the goliath frog. The goliath frog completely misses you.
Reach: V) +7 demon trident (flame)
Press: ? - help, Dir - move target, f/p - goliath frog
Aim: a goliath frog (about 33% to evade your +7 demon trident of flaming)
You reach to attack!
You closely miss the goliath frog.
Reach: V) +7 demon trident (flame)
Press: ? - help, Dir - move target, f/p - goliath frog
Aim: a goliath frog (about 33% to evade your +7 demon trident of flaming)
You reach to attack!
You impale the goliath frog!! You burn the goliath frog!
The goliath frog is heavily wounded.
The goliath frog hits you from afar.
You are splashed with acid!
Reach: V) +7 demon trident (flame)
Press: ? - help, Dir - move target, f/p - goliath frog
Aim: a goliath frog (heavily wounded, about 33% to evade your +7 demon trident of flaming)
You reach to attack!
You puncture the goliath frog! You burn the goliath frog.
You kill the goliath frog!
Trog accepts your kill.
Unknown command.
You start resting.
You feel a strong urge to attack something.
You start resting.
You feel your anger nearly subside.
You are no longer berserk.
You are exhausted.
You feel yourself slow down.
You start resting.
A bunyip comes into view.
A bunyip is nearby!
A bunyip is nearby!
The bunyip gives a hideous shriek!
The bunyip howls a warning cry!
The bunyip claws you!!
* * * LOW HITPOINT WARNING * * *
The bunyip claws you!!
* * * LOW HITPOINT WARNING * * *
The bunyip claws you!!
You die...

#. .. ..♣ #.## ♣
.~~ #.(# .♣ ~~~.
#..+ .♣ ~~~..
..#..♣
~~...######.#..♣
~~.~......x@..♣
~~..~.†......♣♣
~~~~~~♣.♣.~.♣♣
~.♣..~♣~~.~♣♣
.~.~~~~†.~♣♣
~~~~♣~~~.~~<♣
.♣♣.~~~~~~~~.♣
♣.~~~~~~~~♣♣
♣..~~~...~..♣


You could see a bunyip.

Vanquished Creatures
  Jorgrun (D:15)
  A reaper (Gauntlet)
  A minotaur (Gauntlet)
  Nessos (Lair:5)
  A dire elephant (Lair:3)
  A blizzard demon (Gauntlet)
  An entropy weaver (shapeshifter) (D:14)
  Josephine (Lair:4)
  4 vault guards (D:13)
  A rakshasa (D:15)
  4 hydras
  3 catoblepae
  Erolcha (Orc:2)
  5 centaur warriors
  5 boulder beetles
  6 death yaks
  3 alligators (Swamp:1)
  A two-headed ogre (Orc:1)
  2 tengu warriors (D:13)
  A death scarab (Gauntlet)
  Urug (Lair:3)
  5 orc high priests
  2 skysharks (Lair:3)
  A goliath frog (Swamp:1)
  2 sixfirhies
  A deep elf zephyrmancer (D:15)
  A necromancer (D:15)
  A wizard (D:15)
  4 deep elf pyromancers
  5 orc knights (Orc:2)
  3 cyclopes
  3 lindwurms
  6 orc sorcerers
  3 ugly things
  A salamander (Lair:3)
  3 manticores
  5 elephants (Lair:5)
  Joseph (D:10)
  A molten gargoyle (Gauntlet)
  7 black mambas
  A centaur skeleton (D:15)
  4 gargoyles
  A torpor snail (Lair:3)
  12 cane toads
  A freezing wraith (D:15)
  2 unseen horrors
  5 komodo dragons
  2 rime drakes
  4 efreet
  A tyrant leech (Swamp:1)
  10 trolls
  10 polar bears (Lair:5)
  A hornet (D:9)
  Prince Ribbit (Lair:3)
  A hellwing (Gauntlet)
  A raiju (Lair:5)
  A wolf spider simulacrum (D:15)
  A dream sheep (shapeshifter) (D:14)
  19 blink frogs
  7 dream sheep (Lair:5)
  11 slime creatures
  4 shadows
  4 wraiths
  A wyvern (Lair:5)
  4 water elementals
  Eustachio (D:5)
  A hog (shapeshifter) (D:13)
  8 humans (D:13)
  40 yaks
  A golden eye (shapeshifter) (D:13)
  A human (shapeshifter) (D:15)
  6 basilisks
  14 vampire mosquitoes
  A steam dragon (D:7)
  A spectral cane toad (Gauntlet)
  3 swamp worms
  7 wargs
  3 acid dragons
  14 hell hounds (Lair:5)
  9 water moccasins
  A sky beast (D:7)
  18 orc warriors
  15 black bears
  10 ogres
  4 centaurs
  27 wolves
  2 phantoms
  5 kobold brigands (D:9)
  Blork the orc (D:5)
  6 bullfrogs
  6 gnoll sergeants
  A scorpion (D:6)
  4 wights (D:9)
  A water moccasin zombie (D:6)
  10 killer bees
  5 howler monkeys
  6 electric eels (D:15)
  3 lava snakes (Lair:3)
  5 crimson imps
  4 bullfrog zombies (D:6)
  4 centaur zombies
  12 jellies
  4 hounds
  15 orc priests
  A gnoll bouda (D:5)
  A sleepcap (D:6)
  Ijyb (D:4)
  5 iguanas
  13 orc wizards
  A boggart simulacrum (D:13)
  A howler monkey zombie (D:6)
  20 gnolls
  17 adders
  3 white imps
  3 ufetubi
  A worm (D:4)
  3 dart slugs
  72 orcs
  4 bats
  9 endoplasms
  3 giant cockroaches
  11 goblins
  7 hobgoblins
  10 jackals
  17 kobolds
  4 quokkas
  6 ball pythons
  2 frilled lizards
  3 rats
  A spectral weapon (Gauntlet)
707 creatures vanquished.

Vanquished Creatures (collateral kills)
  The ghost of occam the Fencer, a journeyman MfGl of Dithmenos (Lair:3)
  A hydra (Lair:3)
  3 death yaks
  A dream sheep (Lair:3)
  2 yaks (Lair:3)
  A killer bee (D:9)
9 creatures vanquished.

Vanquished Creatures (others)
  A white imp (Gauntlet)
1 creature vanquished.

Grand Total: 717 creatures vanquished

Notes
Turn   | Place    | Note
-------+----------+-------------------------------------------
     0 | D:1      | Djon the Minotaur Berserker began the quest for the Orb.
     0 | D:1      | Reached XP level 1. HP: 19/19 MP: 0/0
   237 | D:1      | Reached XP level 2. HP: 25/27 MP: 1/1
   240 | D:1      | Reached skill level 4 in Axes
   646 | D:1      | Found a faded altar of an unknown god.
   957 | D:1      | Reached XP level 3. HP: 33/33 MP: 2/2
  1025 | D:2      | Reached ** piety under Trog
  1075 | D:2      | Noticed a black bear
  1084 | D:2      | Killed a black bear
  1085 | D:2      | Reached skill level 5 in Axes
  1085 | D:2      | Reached XP level 4. HP: 28/41 MP: 3/3
  1163 | D:2      | Reached XP level 5. HP: 45/47 MP: 4/4
  1647 | D:3      | Found an opulent altar of Gozag.
  2168 | D:4      | Noticed Ijyb
  2173 | D:4      | Killed Ijyb
  2214 | D:4      | Noticed an ogre
  2220 | D:4      | Killed an ogre
  2220 | D:4      | Reached *** piety under Trog
  2221 | D:4      | Reached skill level 5 in Fighting
  2221 | D:4      | Reached skill level 6 in Axes
  2221 | D:4      | Reached XP level 6. HP: 44/56 MP: 5/5
  2407 | D:4      | Reached XP level 7. HP: 29/61 MP: 6/6
  2845 | D:4      | Found a bloodstained altar of Trog.
  2846 | D:4      | Found an ancient bone altar of Kikubaaqudgha.
  2890 | D:5      | Entered Level 5 of the Dungeon
  2953 | D:5      | Reached skill level 7 in Axes
  3235 | D:5      | Found a shimmering altar of Xom.
  3251 | D:5      | Reached skill level 5 in Armour
  3666 | D:5      | Noticed Blork the orc
  3672 | D:5      | Killed Blork the orc
  3828 | D:5      | Reached skill level 5 in Dodging
  3828 | D:5      | Reached XP level 8. HP: 70/70 MP: 7/7
  3946 | D:5      | Noticed Eustachio
  3959 | D:5      | Killed Eustachio
  3960 | D:5      | Reached skill level 8 in Axes
  4388 | D:6      | Found a shimmering blue altar of Sif Muna.
  4761 | D:6      | Reached skill level 9 in Axes
  4979 | D:6      | Found a basalt altar of Yredelemnul.
  5210 | D:7      | Found a runed translucent door.
  5223 | D:7      | Reached XP level 9. HP: 71/79 MP: 8/8
  5231 | D:7      | Reached skill level 10 in Axes
  5239 | D:7      | Reached **** piety under Trog
  5275 | D:7      | Noticed a sixfirhy
  5525 | D:7      | Found a staircase to the Ecumenical Temple.
  5633 | D:7      | Found an iron altar of Okawaru.
  5684 | D:7      | Found a sacrificial altar of Ru.
  5966 | D:7      | Killed a sixfirhy
  5967 | D:7      | Reached skill level 11 in Axes
  6309 | D:8      | Reached XP level 10. HP: 56/90 MP: 9/9
  6415 | D:8      | Found a shadowy altar of Dithmenos.
  6447 | D:8      | Identified the ring "Diotob" {rF+ Int+3 Dex+5}
  6632 | D:8      | Found a hazy altar of Hepliaklqana.
  6704 | D:8      | Found a snail-covered altar of Cheibriados.
  7082 | D:9      | Found a stormy altar of Qazlal.
  7331 | D:9      | Reached skill level 12 in Axes
  7365 | D:9      | Found a staircase to the Lair.
  7598 | D:9      | Found a staircase to the Orcish Mines.
  7944 | D:9      | Found a blossoming altar of Fedhas.
  8062 | D:10     | Entered Level 10 of the Dungeon
  8074 | D:10     | Noticed Joseph
  8084 | D:10     | Killed Joseph
  8169 | D:10     | Reached skill level 13 in Axes
  8710 | D:11     | Noticed a white ugly thing
  8717 | D:11     | Killed a white ugly thing
  8718 | D:11     | Reached XP level 11. HP: 74/99 MP: 10/10
  8805 | D:11     | Noticed a boulder beetle
  8818 | D:11     | Found a broken altar of Ashenzari.
  8822 | D:11     | Killed a boulder beetle
  8823 | D:11     | Reached skill level 10 in Fighting
  8958 | D:11     | Noticed a red ugly thing
  9241 | Lair:1   | Entered Level 1 of the Lair of Beasts
  9241 | Lair:1   | You fall into a shaft and drop 1 floor!
  9280 | Lair:2   | Noticed a lindwurm
  9288 | Lair:2   | Killed a lindwurm
  9558 | Lair:2   | Reached skill level 10 in Armour
  9572 | Lair:2   | Reached skill level 14 in Axes
  9603 | Lair:1   | Reached ***** piety under Trog
 10113 | Lair:1   | Noticed a catoblepas
 10125 | Lair:1   | Killed a catoblepas
 10457 | Lair:2   | Found a staircase to the Swamp.
 10498 | Lair:2   | Reached skill level 15 in Axes
 10627 | Lair:2   | Noticed a death yak
 10628 | Lair:2   | Noticed a death yak
 10629 | Lair:2   | Noticed a death yak
 10630 | Lair:2   | Noticed a death yak
 10632 | Lair:2   | Noticed a death yak
 10632 | Lair:2   | Noticed a death yak
 10633 | Lair:2   | Reached skill level 10 in Dodging
 10633 | Lair:2   | Reached XP level 12. HP: 110/110 MP: 11/11
 10638 | Lair:2   | Killed a death yak
 10642 | Lair:2   | Killed a death yak
 10646 | Lair:2   | Killed a death yak
 10647 | Lair:2   | Killed a death yak
 10650 | Lair:2   | Killed a death yak
 10651 | Lair:2   | Killed a death yak
 11383 | Lair:3   | Noticed a death yak
 11383 | Lair:3   | Noticed a death yak
 11383 | Lair:3   | Found a gate leading to a gauntlet.
 11384 | Lair:3   | Noticed a death yak
 11390 | Lair:3   | Killed a death yak
 11391 | Lair:3   | Reached skill level 16 in Axes
 11395 | Lair:3   | Killed a death yak
 11396 | Lair:3   | Killed a death yak
 11406 | Gauntlet | Entered a Gauntlet
 11406 | Gauntlet | Found a transporter.
 11605 | Gauntlet | Found a transporter.
 11608 | Gauntlet | Found a transporter.
 11609 | Gauntlet | Found a transporter.
 11616 | Gauntlet | Noticed a death scarab
 11620 | Gauntlet | Found a transporter.
 11621 | Gauntlet | Found a transporter.
 11622 | Gauntlet | Found a transporter.
 11628 | Gauntlet | Found a runed translucent door.
 11631 | Gauntlet | Found a transporter.
 11632 | Gauntlet | Found a transporter.
 11633 | Gauntlet | Found a transporter.
 11637 | Gauntlet | Noticed a blizzard demon
 11644 | Gauntlet | Found a transporter.
 11644 | Gauntlet | Found a transporter.
 11645 | Gauntlet | Found a transporter.
 11651 | Gauntlet | Noticed a catoblepas
 11653 | Gauntlet | Found a transporter.
 11701 | Gauntlet | Noticed a reaper
 11938 | Gauntlet | Killed a death scarab
 12003 | Gauntlet | Killed a reaper
 12202 | Gauntlet | Killed a blizzard demon
 12267 | Gauntlet | Killed a catoblepas
 12268 | Gauntlet | Reached XP level 13. HP: 119/119 MP: 12/12
 12337 | Gauntlet | Identified the +1 ring mail of Follow the Leader {Str+2
                  | Slay+3}
 12351 | Gauntlet | Identified the +4 glaive "Djon's Regret" {spect, rPois rF+
                  | rC+ Int+3}
 12351 | Gauntlet | Noticed a minotaur
 12360 | Gauntlet | Killed a minotaur
 12384 | Gauntlet | Identified the +1 buckler "Utepani" {rCorr Str+2}
 12567 | Lair:3   | Reached skill level 17 in Axes
 12734 | Lair:3   | Noticed occam's ghost (journeyman MfGl)
 12734 | Lair:3   | Noticed a dire elephant
 12777 | Lair:3   | Found a transporter.
 12780 | Lair:3   | Found a transporter.
 12828 | Lair:3   | Noticed Prince Ribbit
 12835 | Lair:3   | Killed Prince Ribbit
 13174 | Lair:3   | Found a staircase to the Snake Pit.
 13374 | Lair:3   | Noticed Urug
 13384 | Lair:3   | Killed Urug
 13578 | Lair:3   | Reached skill level 1 in Polearms
 13580 | Lair:3   | Killed a dire elephant
 13586 | Lair:3   | Killed occam's ghost
 13856 | Lair:4   | Noticed Josephine
 13867 | Lair:4   | Killed Josephine
 14151 | Lair:4   | Identified a scroll of acquirement
 14151 | Lair:4   | Acquired a manual of Polearms
 14642 | Lair:4   | Reached skill level 5 in Polearms
 14719 | Lair:5   | Entered Level 5 of the Lair of Beasts
 14738 | Lair:5   | Reached skill level 1 in Shields
 14991 | Lair:5   | Reached XP level 14. HP: 119/129 MP: 13/13
 15625 | Lair:5   | Identified the amulet of Jothrohong {RegenMP Dex+5}
 15694 | Lair:5   | Received a gift from Trog
 15797 | Lair:5   | Noticed Nessos
 15819 | Lair:5   | Killed Nessos
 16212 | Lair:5   | Found a staircase to the Slime Pits.
 16928 | D:11     | Reached skill level 5 in Shields
 17614 | D:12     | Identified the +4 great mace of Youthful Indiscretion
                  | {heavy, Contam *Slow rCorr Str+3} (Trog gifted it to you on
                  | level 12 of the Dungeon)
 17614 | D:12     | Received a gift from Trog
 18181 | D:13     | Reached ****** piety under Trog
 18700 | D:13     | Reached skill level 15 in Fighting
 18713 | D:13     | Reached XP level 15. HP: 101/141 MP: 14/14
 18866 | D:13     | Found a gate to the Vaults.
 19086 | D:13     | Reached skill level 15 in Armour
 19254 | D:13     | Acquired 765 gold pieces
 19255 | D:13     | Acquired 1176 gold pieces
 19256 | D:13     | Acquired a manual of Dodging
 20197 | D:15     | Entered Level 15 of the Dungeon
 20668 | D:15     | Noticed Jorgrun
 20683 | D:15     | Killed Jorgrun
 20696 | D:15     | Reached skill level 10 in Polearms
 20810 | Abyss:2  | Cast into level 2 of the Abyss (a wizard)
 20840 | D:15     | Escaped the Abyss
 21020 | D:15     | Found a staircase to the Depths.
 21218 | D:15     | Reached XP level 16. HP: 151/151 MP: 15/15
 21916 | Orc:1    | Entered Level 1 of the Orcish Mines
 21943 | Orc:1    | Reached skill level 15 in Dodging
 21948 | Orc:1    | Received a gift from Trog
 22954 | Orc:2    | Entered Level 2 of the Orcish Mines
 22958 | Orc:2    | Found a staircase to the Elven Halls.
 23196 | Orc:2    | Found Uxzeys's General Store.
 23229 | Orc:2    | Noticed Erolcha
 23493 | Orc:2    | Killed Erolcha
 23525 | Orc:2    | Received a gift from Trog
 23818 | Orc:2    | Found Uneotor's Magic Scroll Shoppe.
 23825 | Orc:2    | Found Amuecac's Antique Weapon Shoppe.
 23827 | Orc:2    | Found Haelopp's General Store.
 23880 | Orc:2    | Found Cisiaz's Weapon Emporium.
 24175 | Orc:2    | Bought 2 potions of resistance for 240 gold pieces
 24175 | Orc:2    | Bought the +5 Lochaber axe {reach-cleave, Poleaxe Drain}
                  | for 424 gold pieces
 24175 | Orc:2    | Found the +5 Lochaber axe {reach-cleave, Poleaxe Drain}
 24187 | Orc:2    | Bought a scroll of teleportation for 48 gold pieces
 24187 | Orc:2    | Bought a scroll of teleportation for 48 gold pieces
 24187 | Orc:2    | Bought a potion of haste for 160 gold pieces
 24198 | Orc:2    | Bought a scroll of teleportation for 51 gold pieces
 24198 | Orc:2    | Bought a scroll of teleportation for 51 gold pieces
 24198 | Orc:2    | Bought a scroll of enchant armour for 127 gold pieces
 24359 | Swamp:1  | Entered Level 1 of the Swamp
 24431 | Swamp:1  | Mangled by a bunyip

Illustrated notes

Levels and vault maps discovered:
D:1:      mrwooster_arrival_statue_2, layout_loops_corners,
          shapermc_ecumenical_altar_ellora, minmay_distorted
D:2:      layout_rooms
D:3:      layout_rooms, nicolae_gozag_seed_capital, minmay_misc_feat_room
D:4:      layout_gridville, gammafunk_temple_overflow_pools,
          hangedman_decor_peaks_small, dreamdust_gnoll_farm, uniq_ijyb
D:5:      layout_loops_ring, xom_butterflies, uniq_eustachio, uniq_blork_the_orc
D:6:      layout_loops_ring, nicolae_yredelemnul_corpse_copse,
          nicolae_sif_muna_condensation
D:7:      cheibrodos_shockbox, layout_cave_pools, overflow_temple_1_default,
          lemuel_tele_altar, minmay_temple_entry_large_hall
D:8:      layout_basic, nicolae_dithmenos_shadow_blocks,
          mainiacjoe_overflow_catch_the_wave
D:9:      layout_basic, mainiacjoe_overflow_surrounded_room,
          lemuel_crystal_altar, lair_entry_dummy,
          kennysheep_orc_monster_closet_entryway, grunt_ministairs_8
D:10:     layout_long_grid, uniq_joseph
D:11:     layout_basic, evilmike_ruin_ashenzari
D:12:     layout_irregular_city, minmay_fractal_squares_5
D:13:     layout_big_octagon, ximxim_vaults_locker_room, grunt_potential
D:14:     layout_loops_ring, nicolae_figureground_sparkle
D:15:     grunt_enter_depths_magical_seal, layout_basic, nicolae_lava_and_water,
          uniq_jorgrun
Lair:1:   layout_misc_corridors, serial_bayou_pond_e, hibernation_bobbens,
          lemuel_fruit_fields
Lair:2:   minmay_lair_venomous_thicket, layout_chaotic_city,
          minmay_swamp_entry_worms, grunt_megastairs_1
Lair:3:   layout_big_grid, nicolae_snake_entry_warm_welcome,
          gammafunk_ghost_arena, gauntlet_entry_generic, nicolae_lair_lindhole,
          uniq_urug, uniq_prince_ribbit2
Lair:4:   layout_cave_pods, uniq_josephine
Lair:5:   wormcave, layout_regular_city, hangedman_lair_caniforms_friends,
          minmay_slime_entry_jelly_boxes, minivault_26, st_stairs_6,
          grunt_forest_small_clearings, pdpol_lair_neglected_garden,
          serial_bayou_shore_b, uniq_nessos
Swamp:1:  nicolae_swamp_secret_spriggan_hideout, layout_falls_marsh,
          evilmike_swamp_ruin_house_1
Orc:1:    layout_caves, basic_altar, guppyfry_orc_lava_fort
Orc:2:    st_orc_elflike, layout_caves, serial_shops, nicolae_lakefront_shop,
          uniq_erolcha

Skill      XL: |  1  2  3  4  5  6  7  8  9 10 11 12 13 14 15 16 |
---------------+-------------------------------------------------+-----
Axes           | 4 5 6 7 9 11 13 15 16 17 | 17.6
Fighting       | 4 5 6 7 8 9 11 12 13 15 16 | 16.0
Armour         | 3 4 5 6 8 9 10 12 13 14 15 | 15.8
Dodging        | 3 4 5 6 7 8 10 11 12 13 14 15 | 15.4
Polearms       | 7 8 12 14 | 14.5
Shields        | 1 6 8 9 |  9.2

Action                     |  1- 3 |  4- 6 |  7- 9 | 10-12 | 13-15 | 16-18 || total
---------------------------+-------+-------+-------+-------+-------+-------++-------
  Melee: Hand axe          |    64 |    29 |       |    51 |       |       ||   144
         Headbutt          |     7 |    17 |    41 |    76 |   228 |    58 ||   427
         Punch             |     1 |     1 |       |       |       |       ||     2
         War axe           |       |    77 |   242 |    68 |       |       ||   387
         Battleaxe         |       |       |       |   232 |    88 |       ||   320
         Demon trident     |       |       |       |       |   931 |   307 ||  1238
 Invoke: Berserk           |     1 |     1 |    11 |    13 |     6 |     1 ||    33
         Trog's Hand       |       |       |       |     2 |       |       ||     2
         Brothers in Arms  |       |       |       |     5 |     1 |       ||     6
  Evoke: Wand              |       |       |       |     1 |       |       ||     1
    Use: Scroll            |       |       |     1 |    16 |    20 |     3 ||    40
         Potion            |       |       |       |       |     4 |       ||     4
   Stab: Sleeping          |     1 |       |       |       |       |       ||     1
         Distracted        |       |       |       |     1 |     1 |       ||     2
         Paralysed         |       |       |       |     3 |       |       ||     3
 Armour: Animal skin       |     6 |       |       |       |       |       ||     6
         Ring mail         |    16 |    16 |       |       |       |       ||    32
         Chain mail        |       |    33 |    28 |       |       |       ||    61
         Scale mail        |       |       |    84 |    45 |       |       ||   129
         Plate armour      |       |       |       |    15 |       |       ||    15
         Storm dragon scal |       |       |       |    71 |   506 |    47 ||   624
  Dodge: Dodged            |    41 |    56 |   140 |   235 |   516 |   114 ||  1102
  Block: Buckler           |       |       |    30 |    30 |       |       ||    60
         Kite shield       |       |       |       |       |   419 |   110 ||   529
